 Dungeon Crawl Stone Soup version 0.27.0-1-g7a089689b8 (webtiles) character file.

Game seed: 18394172553663371229

18 RatsInWalls the Insei (level 2, 0/18 HPs)
             Began as an Octopode Transmuter on Aug 16, 2021.
             Slain by an adder (2 damage)
             ... on level 2 of the Dungeon.
             The game lasted 00:01:31 (874 turns).

RatsInWalls the Insei (Octopode Transmuter)          Turns: 874, Time: 00:01:32

Health: 0/18       AC:  1    Str:  9    XL:     2   Next: 66%
Magic:  3/5        EV: 13    Int: 15    God:
Gold:   42         SH:  0    Dex: 12    Spells: 4/5 levels left

rFire    . . .     SeeInvis .     - Unarmed
rCold    . . .     Faith    .   (no shield)
rNeg     . . .     Spirit   .   (helmet currently unavailable)
rPois    .         Reflect  .   (no amulet)
rElec    .         Harm     .   (no ring)
rCorr    .         Rampage  .   (no ring)
Will     .....                  (no ring)
Stlth    ++........             (no ring)
HPRegen  0.06/turn              (no ring)
MPRegen  0.09/turn              (no ring)
                                (no ring)
                                (no ring)

@: appendages (expiring)
A: tentacle spike 3, almost no armour, amphibious, 8 rings, camouflage 1,
gelatinous body 1, (nimble swimmer 1), tentacles
a: End Transformation


You were on level 2 of the Dungeon.
One of your tentacles had grown a beastly spike.
You visited 1 branch of the dungeon, and saw 2 of its levels.

You collected 42 gold pieces.

Inventory:

Jewellery
 a - a ring of flight
Potions
 b - a potion of haste {unknown}


   Skills:
 * Level 1.3 Fighting
 + Level 2.1 Dodging
 * Level 0.8 Stealth
 + Level 3.3 Unarmed Combat
 + Level 2.1 Spellcasting
 + Level 2.1 Transmutations


You had 4 spell levels left.
You knew the following spells:

 Your Spells              Type           Power      Damage    Failure   Level
a - Beastly Appendage     Tmut           14%        N/A       10%         1

Your spell library contained the following spells:

 Spells                   Type           Power      Damage    Failure   Level
 Wereblood                Tmut           7%         N/A       14%         2
 Spider Form              Tmut/Pois      2%         N/A       38%         3
 Ice Form                 Ice/Tmut       4%         N/A       80%         4


Dungeon Overview and Level Annotations

Branches:
Dungeon (2/15)

Altars:


Innate Abilities, Weirdness & Mutations

One of your tentacles has grown a beastly spike.
You cannot wear most types of armour.
You are amphibious.
You can wear up to eight rings at the same time.
Your skin changes colour to match your surroundings (Stealth+).
Your rubbery body absorbs attacks. (AC +1, EV +1)
((You are camouflaged near water. (Stealth+)))
You have tentacles for arms and can constrict up to eight enemies at once.


Message History

Found 6 gold pieces.
Casting: Beastly Appendage (safe; 10% risk of failure)
Confirm with . or Enter, or press ? or * to list all spells.
You miscast Beastly Appendage.
You are very lightly contaminated with residual magic.
Nothing appears to happen.
The helpless adder fails to defend itself.
You tentacle-slap the adder. Your grab misses the adder.
You squeeze the adder, but do no damage.
The adder is heavily wounded.
The adder bites you.
Casting: Beastly Appendage (safe; 10% risk of failure)
Confirm with . or Enter, or press ? or * to list all spells.
One of your tentacles grows a vicious spike.
The adder misses you.
A quokka comes into view.
The adder bites you.
You tentacle-slap the adder but do no damage.
Your grab misses the adder.
Your tentacle spike misses the adder.
The adder is heavily wounded.
The adder barely misses you.
You tentacle-slap the adder. Your grab misses the adder.
The adder is severely wounded.
The adder bites you.
Your magical contamination has completely faded away.
You are too injured to fight recklessly!
You are too injured to fight recklessly!
You are too injured to fight recklessly!
You are too injured to fight recklessly!
You closely miss the adder. Your grab misses the adder.
The adder is severely wounded.
The adder barely misses you.
You tentacle-slap the adder but do no damage.
Your grab misses the adder.
The adder is severely wounded.
Your transformation is almost over.
The adder bites you. The quokka bites you.
* * * LOW HITPOINT WARNING * * *
The adder bites you.
You die...

............... #
...#..##....# #. ..
............ ..
...#.#..##..#.# #.
#...#......#.#
##.####.##.......#.###
#.....#.##...........#
#.....#.##...###.....#
#...†.#.####.# #@....#
(..<....####.# #rS...#
#.....#......# .....$#
#.....#.######.......#
#.....#.# #.......#
#.....#.# ....#####
#.......# .....#
#.....### ......#
#######


You could see an adder and a quokka.

Vanquished Creatures
  2 dart slugs (D:1)
  2 bats (D:1)
  3 endoplasms
  A giant cockroach (D:1)
  A hobgoblin (D:1)
  A frilled lizard (D:2)
  2 kobolds (D:1)
  A rat (D:1)
13 creatures vanquished.

Notes
Turn   | Place    | Note
-------+----------+-------------------------------------------
     0 | D:1      | RatsInWalls the Octopode Transmuter began the quest for the
                  | Orb.
     0 | D:1      | Reached XP level 1. HP: 13/13 MP: 3/3
   137 | D:1      | Reached XP level 2. HP: 18/18 MP: 3/5
   312 | D:1      | Found a faded altar of an unknown god.
   874 | D:2      | Slain by an adder

Illustrated notes

Levels and vault maps discovered:
D:1:      sevenhm_arrival_forest_fort_small_6, layout_basic,
          shapermc_ecumenical_altar_acropolis
D:2:      layout_basic, serial_shops, nicolae_shop_statue_plus,
          minmay_snake_closets

Action                   || total
-------------------------++-------
Melee: Unarmed           ||    32
       Constrict         ||     8
       Kick              ||     8
       Tentacles         ||     2
 Cast: Beastly Appendage ||     9
 Stab: Sleeping          ||     5
Armor: Skin              ||     5
Dodge: Dodged            ||    15
